 Dungeon Crawl Stone Soup version 0.22-a0-283-g1871b15 (webtiles) character file.

112968 Amnesiac the Phalangite (level 16, -1/127 HPs)
             Began as a Merfolk Berserker on Mar 18, 2018.
             Was the Champion of Trog.
             Slain by an air elemental (3 damage)
             ... on level 3 of the Elven Halls.
             The game lasted 00:46:29 (17923 turns).

Amnesiac the Phalangite (Merfolk Berserker)        Turns: 17923, Time: 00:46:30

Health: -1/127     AC: 32    Str: 24    XL:     16   Next: 61%
Magic:  7/7        EV: 18    Int:  9    God:    Trog [******]
Gold:   3338       SH:  0    Dex: 16    Spells: 15/15 levels left

rFire    . . .     SeeInvis .   a - +6 bardiche (antimagic)
rCold    + . .     Gourm    .   (shield currently unavailable)
rNeg     . . .     Faith    .   m - +10 plate armour of the Arcane {*Drain MR+ Int+5}
rPois    +         Spirit   .   y - +0 helmet "Saliju" {MR+ Str+2 Dex+2}
rElec    +         Reflect  .   G - +2 cloak
rCorr    .         Harm     .   (no gloves)
MR       +++..                  r - +2 pair of boots {Stlth+}
Stlth    ..........             x - amulet "Giesku" {rElec rPois rC+ Regen+ Int-4}
HPRegen  0.71/turn              R - ring of stealth
MPRegen  0.10/turn              O - +3 ring of evasion

@: lethally poisoned (-1 -> -1), berserk cooldown, slowed, very slow
A: change form in water, swift swim, stealthy swim
a: Berserk, Trog's Hand, Brothers in Arms, Renounce Religion


You were on level 3 of the Elven Halls.
You worshipped Trog.
Trog was exalted by your worship.
You were very hungry.

You visited 3 branches of the dungeon, and saw 20 of its levels.
You also visited: Labyrinth, Ossuary and Ice Cave.

You collected 3563 gold pieces.
You spent 225 gold pieces at shops.

Inventory:

Hand Weapons
 a - a +6 antimagic bardiche (weapon)
 b - the +8 halberd of Yrchohip {chop, rF+ Int+4 SInv}
   (Trog gifted it to you on level 13 of the Dungeon)

   It inflicts extra damage upon your enemies.
   It affects your intelligence (+4).
   It protects you from fire.
   It lets you see invisible.
 T - a +4 bardiche of holy wrath
Missiles
 I - a throwing net (quivered)
 M - 3 javelins of returning
Armour
 m - the +10 plate armour of the Arcane (worn) {*Drain MR+ Int+5}
   (You found it in a labyrinth)

   It affects your intelligence (+5).
   It affects your resistance to hostile enchantments.
   It causes draining when unequipped.
 r - a +2 pair of boots of stealth (worn)
 y - the +0 helmet "Saliju" (worn) {MR+ Str+2 Dex+2}
   (You found it on level 11 of the Dungeon)

   It affects your strength (+2).
   It affects your dexterity (+2).
   It affects your resistance to hostile enchantments.
 G - a +2 cloak (worn)
 L - a +2 plate armour of fire resistance
Jewellery
 x - the amulet "Giesku" (around neck) {rElec rPois rC+ Regen+ Int-4}
   (You found it in a labyrinth)

   [amulet of regeneration]

   It affects your intelligence (-4).
   It protects you from cold.
   It insulates you from electricity.
   It protects you from poison.
   It increases your rate of regeneration.
 N - an uncursed ring of ice
 O - a +3 ring of evasion (right hand)
 Q - an uncursed ring of protection from cold {unknown}
 R - a ring of stealth (left hand)
Wands
 i - a wand of flame (54)
 u - a wand of paralysis (19)
 w - a wand of enslavement (8)
 A - a wand of acid (12)
 C - a wand of disintegration (32)
 D - a wand of polymorph (34)
 P - a wand of digging (16)
 S - a wand of iceblast (10)
Scrolls
 d - 9 scrolls of teleportation {!r}
 e - 4 scrolls of enchant armour {!r}
 j - 6 scrolls of identify {!r}
 k - 2 scrolls of remove curse {!r}
 n - 4 scrolls of fog {!r}
 K - 2 scrolls of fear {!r}
 U - a scroll of blinking {!r}
Potions
 f - 5 potions of brilliance {!q}
 g - 2 potions of invisibility {!q}
 l - 12 potions of heal wounds {!q}
 o - 9 potions of curing {!q}
 p - 2 potions of might {!q}
 q - a potion of haste {!q}
 s - 4 potions of mutation {!q}
 t - 2 potions of agility {!q}
 v - 6 potions of flight {!q}
 z - 7 potions of lignification {!q}
 B - 3 potions of ambrosia {!q}
 E - 4 potions of magic {!q}
 F - 4 potions of resistance {!q}
 H - 3 potions of berserk rage {!q}
Miscellaneous
 J - a fan of gales
Comestibles
 c - 41 rations


   Skills:
 + Level 12.3 Fighting
 - Level 26.0 Polearms
 + Level 8.8 Armour
 + Level 14.1 Dodging
 + Level 8.4 Evocations


You had 15 spell levels left.
You didn't know any spells.

Dungeon Overview and Level Annotations

Branches:
Dungeon (15/15)            Temple (0/1) D:6            Lair (0/6) D:10
    Orc (2/2) D:12            Elf (3/3) Orc:2        Vaults (0/5) D:14
 Depths (0/5) D:15

Altars:
Ashenzari
Cheibriados
Dithmenos
Elyvilon
Fedhas
Gozag
Kikubaaqudgha
Sif Muna
Trog
Vehumet
Xom
Zin
The Shining One
Beogh

Shops:
D:12 [:   Orc:2 ([*=   Elf:1 }[[}*


Message History

The earth elemental is heavily damaged.
You are covered in liquid flames!
* * * LOW HITPOINT WARNING * * *
The air elemental hits you but does no damage.
The earth elemental hits you but does no damage.
You miss the deep elf mage. The air elemental misses you.
The earth elemental hits you but does no damage.
The deep elf sorcerer casts a spell.
The deep elf sorcerer seems to speed up.
You slice the deep elf mage!!
The deep elf mage's magic leaks into the air.
The deep elf mage is heavily wounded.
The air elemental misses you.
The deep elf mage falters for a moment.
The air elemental hits you but does no damage.
You slash the deep elf mage!
The deep elf mage's magic leaks into the air.
The deep elf mage is almost dead.
Your skin stops crawling.
You feel less resistant to hostile enchantments.
You feel sick.
The air elemental hits you but does no damage.
You slash the deep elf elementalist!
The deep elf elementalist's magic leaks into the air.
The deep elf elementalist is moderately wounded.
The deep elf archer blinks!
The air elemental closely misses you. The earth elemental hits you!!
* * * LOW HITPOINT WARNING * * *
The deep elf mage falters for a moment.
The earth elemental hits you.
* * * LOW HITPOINT WARNING * * *
You carve the deep elf elementalist like a ham!!!
You kill the deep elf elementalist!
Trog accepts your kill.
Trog appreciates your killing of a magic user.
The earth elemental disappears in a puff of smoke! x4
The air elemental hits you but does no damage.
You slice the deep elf mage like a ripe choko!!!
You kill the deep elf mage!
Trog accepts your kill.
Trog appreciates your killing of a magic user.
The air elemental misses you.
You slice the deep elf sorcerer like a ripe choko!!!
The deep elf sorcerer's magic leaks into the air.
The deep elf sorcerer is severely wounded.
The air elemental hits you but does no damage.
The deep elf sorcerer completely misses you.
The air elemental hits you but does no damage.
You closely miss the deep elf sorcerer.
The deep elf sorcerer is severely wounded.
You feel sick. The air elemental misses you.
The deep elf sorcerer hits you but does no damage.
You chop the deep elf sorcerer into pieces!!!
You kill the deep elf sorcerer!
Trog accepts your kill.
Trog appreciates your killing of a magic user.
The air elemental misses you.
Attack whom?
Press: ? - help, Dir - move target cursor, f - deep elf archer
Aim: a deep elf archer, wielding a shortbow and wearing a leather armour (lightly wounded, repelling missiles)
You reach to attack!
You barely miss the deep elf archer.
The deep elf archer is lightly wounded.
You are no longer berserk.
You are exhausted.
You feel yourself slow down. The air elemental hits you.
You die...

##.## ..... #...# #. ...
....#######...####.....#
....#..........$.......
....#..#.#.#.#.#..#..###
........................
.......#.#.#.#.)E)......
...............§@)e..#§
.......#.#.#.#)(.)......
..............()).......
.....).#.#.#.#.###......
...............## ......
....(...........# ......
##...#.......##.##....##
###.().......#.........
......(.............


You could see a deep elf archer and an air elemental.

Vanquished Creatures
  Asterion (Elf:1)
  A sphinx (D:10)
  Gastronok (D:11)
  The ghost of Thaneod the Severer, an adept DsBe of Trog (Elf:2)
  Roxanne (D:14)
  6 deep elf sorcerers (Elf:3)
  An orc warlord (Orc:2)
  A deep elf elementalist (Elf:3)
  2 very ugly things (IceCv)
  A deep elf demonologist (Elf:1)
  A minotaur (Lab)
  Azrael (Orc:2)
  3 deep elf death magi (Elf:3)
  Snorg (D:10)
  A deep elf high priest (Elf:3)
  4 vault guards (D:14)
  A centaur warrior (D:13)
  An ice dragon (Elf:1)
  An ogre mage (Orc:1)
  3 tengu warriors
  8 two-headed ogres
  An orc high priest (Orc:2)
  25 dancing weapons
  A deep troll earth mage (D:10)
  Urug (D:12)
  10 deep elf knights
  A hell knight (D:15)
  Nergalle (Orc:2)
  2 unseen horrors
  6 deep elf archers
  2 wizards (D:14)
  Pikel (D:7)
  A phantasmal warrior (D:10)
  7 orc knights
  A wolf spider (D:14)
  24 deep elf magi
  4 cyclopes
  5 ugly things
  4 orc sorcerers
  A guardian serpent (Elf:1)
  Maurice (D:11)
  3 gargoyles
  The ghost of wvc the Magician, a novice GnWn (D:4)
  6 ice statues
  A kobold demonologist (D:13)
  A komodo dragon (D:11)
  2 anaconda simulacra (IceCv)
  A golden dragon simulacrum (IceCv)
  A freezing wraith (D:10)
  4 trolls
  5 slime creatures (D:14)
  Prince Ribbit (D:7)
  2 hippogriffs
  A redback (shapeshifter) (D:10)
  Sigmund (D:5)
  2 water elementals (Elf:3)
  3 dire elephant simulacra (IceCv)
  5 fire elementals
  5 yaks (D:11)
  2 wyverns
  A wraith (D:10)
  An air elemental (Elf:1)
  4 hungry ghosts
  Grum (D:10)
  A human (D:14)
  A basilisk (D:10)
  8 vampire mosquitoes
  6 wargs
  A soldier ant (D:15)
  2 acid dragons
  A hydra simulacrum (IceCv)
  3 porcupines (D:10)
  2 iron troll simulacra (IceCv)
  3 hell hounds
  2 eyes of draining
  34 orc warriors
  2 slaves (D:7)
  8 ice beasts
  5 black bears
  A sky beast (D:9)
  2 necrophages (D:12)
  15 ogres
  2 phantoms
  6 crocodiles
  4 wolves (D:10)
  8 centaurs
  2 big kobolds
  9 bullfrogs
  3 earth elementals
  3 gnoll sergeants (D:12)
  A water moccasin zombie (D:8)
  2 scorpions
  A wyvern skeleton (D:13)
  13 killer bees
  8 wights
  The ghost of 4thArraOfDagon the Slasher, a weakling FoWr of Ru (D:7)
  A crimson imp (D:11)
  A bullfrog zombie (D:11)
  7 hounds
  2 centaur zombies
  6 jellies
  A gnoll shaman (D:8)
  Crazy Yiuf (D:2)
  14 orc priests
  A bullfrog skeleton (D:6)
  4 centaur skeletons
  4 iguanas
  22 orc wizards
  6 worker ants
  A killer bee zombie (D:8)
  A hound zombie (D:8)
  A hound skeleton (D:7)
  3 mummies (Ossuary)
  A howler monkey zombie (D:10)
  10 gnolls
  8 adders
  A shadow imp (D:14)
  2 oozes (D:5)
  An adder zombie (Ossuary)
  2 adder skeletons
  A worm (D:3)
  A dart slug (D:2)
  5 leopard geckos
  68 orcs
  3 bats
  3 giant cockroaches
  A gnoll zombie (Ossuary)
  4 hobgoblins
  3 jackals (D:9)
  6 kobolds
  2 quokkas
  A ball python (D:4)
  3 frilled lizards
  5 goblins
  4 goblin zombies (Ossuary)
  A hobgoblin zombie (Ossuary)
  A jackal skeleton (D:4)
  3 kobold zombies (Ossuary)
  A leopard gecko zombie (D:6)
  3 quokka zombies (Ossuary)
  7 rats
  5 rat zombies (Ossuary)
586 creatures vanquished.

Vanquished Creatures (collateral kills)
  An ettin (D:15)
  A hydra (D:15)
  2 deep elf knights (Elf:2)
  A deep elf mage (Elf:2)
5 creatures vanquished.

Vanquished Creatures (others)
  A deep elf death mage (Elf:3)
  2 crawling corpses (Elf:3)
3 creatures vanquished.

Grand Total: 594 creatures vanquished

Notes
Turn   | Place    | Note
-------+----------+-------------------------------------------
     0 | D:1      | Amnesiac the Merfolk Berserker began the quest for the Orb.
     0 | D:1      | Reached XP level 1. HP: 18/18 MP: 1/1
   266 | D:1      | Reached skill level 5 in Polearms
   285 | D:1      | Reached XP level 2. HP: 24/24 MP: 2/2
   670 | D:2      | Reached skill level 6 in Polearms
   670 | D:2      | Reached XP level 3. HP: 29/29 MP: 3/3
   734 | D:2      | Found a runed door.
   916 | D:2      | Reached ** piety under Trog
   996 | D:2      | Noticed Crazy Yiuf
  1004 | D:2      | Killed Crazy Yiuf
  1004 | D:2      | Reached skill level 7 in Polearms
  1004 | D:2      | Reached XP level 4. HP: 35/35 MP: 4/4
  1166 | D:3      | Found an ancient bone altar of Kikubaaqudgha.
  1244 | D:3      | Found a radiant altar of Vehumet.
  1724 | D:4      | Noticed wvc's ghost (novice GnWn)
  1760 | D:4      | Killed wvc's ghost
  1760 | D:4      | Reached skill level 10 in Polearms
  1760 | D:4      | Reached XP level 5. HP: 41/41 MP: 5/5
  1760 | D:4      | Reached XP level 6. HP: 47/47 MP: 6/6
  2028 | D:4      | Reached XP level 7. HP: 50/52 MP: 7/7
  2104 | D:4      | Reached skill level 11 in Polearms
  2357 | D:4      | Found a shattered altar of Ashenzari.
  2464 | D:5      | Entered Level 5 of the Dungeon
  2556 | D:5      | Reached skill level 12 in Polearms
  2834 | D:5      | Noticed Sigmund
  2853 | D:5      | Killed Sigmund
  2853 | D:5      | Reached skill level 13 in Polearms
  2853 | D:5      | Reached XP level 8. HP: 58/58 MP: 8/8
  2883 | D:5      | Found an opulent altar of Gozag.
  3137 | D:5      | Reached skill level 14 in Polearms
  3311 | D:5      | Reached *** piety under Trog
  3354 | D:6      | Found a staircase to the Ecumenical Temple.
  3443 | D:6      | Reached XP level 9. HP: 39/66 MP: 9/9
  3749 | D:6      | Found a snail-covered altar of Cheibriados.
  3834 | D:6      | Reached skill level 15 in Polearms
  3997 | D:7      | Noticed 4thArraOfDagon's ghost (weakling FoWr)
  4007 | D:7      | Killed 4thArraOfDagon's ghost
  4041 | D:7      | Noticed Pikel
  4057 | D:7      | Killed Pikel
  4057 | D:7      | Reached skill level 16 in Polearms
  4226 | D:7      | Noticed Prince Ribbit
  4234 | D:7      | Killed Prince Ribbit
  4651 | D:8      | Reached skill level 5 in Dodging
  4692 | D:8      | Found a deep blue altar of Sif Muna.
  4695 | D:8      | Reached skill level 5 in Fighting
  4706 | D:8      | Found a bloodstained altar of Trog.
  4849 | D:8      | Found a shimmering altar of Xom.
  4904 | D:8      | Found a shadowy altar of Dithmenos.
  4955 | D:8      | Reached XP level 10. HP: 58/74 MP: 10/10
  5094 | D:8      | Found a sand-covered staircase.
  5135 | D:8      | Paralysed by fainting for 11 turns
  5192 | Ossuary  | Entered an ossuary
  5198 | Ossuary  | Reached **** piety under Trog
  5468 | D:8      | Found a blossoming altar of Fedhas.
  5809 | D:9      | Found a white marble altar of Elyvilon.
  5809 | D:9      | Found a glowing golden altar of the Shining One.
  5809 | D:9      | Found a glowing silver altar of Zin.
  6253 | D:9      | Found a shadowy altar of Dithmenos.
  6516 | D:10     | Entered Level 10 of the Dungeon
  6520 | D:10     | Noticed Grum
  6548 | D:10     | Killed Grum
  6548 | D:10     | Reached skill level 1 in Evocations
  6817 | D:10     | Reached ***** piety under Trog
  6938 | D:10     | Found a staircase to the Lair.
  7004 | D:10     | Noticed a salamander
  7023 | D:10     | Reached XP level 11. HP: 84/84 MP: 12/12
  7102 | D:10     | Reached skill level 5 in Armour
  7216 | D:10     | Noticed a phantasmal warrior
  7222 | D:10     | Killed a phantasmal warrior
  7365 | D:10     | Noticed a deep troll earth mage
  7365 | D:10     | Noticed a sphinx
  7375 | D:10     | Killed a deep troll earth mage
  7381 | D:10     | Killed a sphinx
  7381 | D:10     | Reached skill level 17 in Polearms
  7467 | D:10     | Got a fine quarterstaff
  7526 | D:10     | Noticed Snorg
  7552 | D:10     | Killed Snorg
  7780 | D:10     | Identified the +7 quarterstaff of the Scroll {drain, +Inv Str+7} (You found it on level 10 of the Dungeon)
  7801 | D:11     | Noticed a two-headed ogre
  7807 | D:11     | Killed a two-headed ogre
  7817 | D:11     | Reached skill level 10 in Dodging
  7869 | D:11     | Got a scorched helmet
  7923 | D:11     | Noticed Gastronok
  7952 | D:11     | Killed Gastronok
  7952 | D:11     | Reached XP level 12. HP: 96/96 MP: 13/15
  7968 | D:11     | Identified the cursed +0 helmet "Saliju" {MR+ Str+2 Dex+2} (You found it on level 11 of the Dungeon)
  8485 | D:11     | Noticed Maurice
  8492 | D:11     | Killed Maurice
  8780 | D:12     | Noticed Urug
  8794 | D:12     | Killed Urug
  8995 | D:12     | Found a staircase to the Orcish Mines.
  9026 | D:12     | Reached ****** piety under Trog
  9026 | D:12     | Reached skill level 10 in Fighting
  9237 | D:12     | Found Paqav's Armour Shop.
  9447 | D:12     | Found Rician's Book Shop.
  9520 | Orc:1    | Entered Level 1 of the Orcish Mines
  9580 | Orc:1    | Reached skill level 5 in Evocations
  9648 | Orc:1    | Received a gift from Trog
  9817 | Orc:1    | Reached skill level 18 in Polearms
 10144 | Orc:2    | Entered Level 2 of the Orcish Mines
 10144 | Orc:2    | Found a staircase to the Elven Halls.
 10205 | Orc:2    | Reached XP level 13. HP: 103/103 MP: 16/16
 10320 | Orc:2    | Found a labyrinth entrance.
 10326 | Lab      | Entered a labyrinth
 10570 | Lab      | Found an exit through the horrors of the Abyss.
 10581 | Lab      | Reached skill level 19 in Polearms
 10586 | Lab      | Received a gift from Trog
 10611 | Lab      | Found an exit through the horrors of the Abyss.
 10817 | Lab      | Noticed a minotaur
 10825 | Lab      | Killed a minotaur
 10858 | Lab      | Got a glittering pewter amulet
 10858 | Lab      | Got a faintly humming plate armour
 10858 | Lab      | Got a crude plate armour
 10863 | Lab      | Identified the amulet "Giesku" {rElec rPois rC+ Regen+ Int-4} (You found it in a labyrinth)
 10875 | Lab      | Identified the +10 plate armour of the Arcane {*Drain MR+ Int+5} (You found it in a labyrinth)
 10875 | Lab      | Identified the cursed +0 plate armour of Disaster {+Fly Dex+6} (You found it in a labyrinth)
 10934 | Orc:2    | Noticed an orc warlord
 10941 | Orc:2    | Killed an orc warlord
 10941 | Orc:2    | Reached skill level 20 in Polearms
 11100 | Orc:2    | Noticed Nergalle
 11118 | Orc:2    | Killed Nergalle
 11122 | Orc:2    | Found a roughly hewn altar of Beogh.
 11242 | Orc:2    | Reached skill level 21 in Polearms
 11541 | Orc:2    | Found Xaickazu's Jewellery Shop.
 11582 | Orc:2    | Found Amyhist's Antique Armour Shop.
 11588 | Orc:2    | Bought a pair of runed boots for 225 gold pieces
 11608 | Orc:2    | Found Tull's Antique Weapon Shop.
 11624 | Orc:2    | Found Tocuh's General Store.
 12254 | D:13     | Reached skill level 22 in Polearms
 12424 | D:13     | Reached XP level 14. HP: 84/110 MP: 17/17
 12439 | D:13     | Received a gift from Trog
 12442 | D:13     | Got a jewelled halberd {god gift}
 12450 | D:13     | Identified the +8 halberd of Yrchohip {chop, rF+ Int+4 SInv} (Trog gifted it to you on level 13 of the Dungeon)
 13063 | D:14     | Reached skill level 23 in Polearms
 13408 | D:14     | Found a gate to the Vaults.
 13548 | D:14     | Reached skill level 24 in Polearms
 13671 | D:14     | Noticed Roxanne
 13716 | D:14     | Killed Roxanne
 13721 | D:14     | Got a pitted leather armour
 13722 | D:14     | Identified the cursed +1 leather armour of the Centipede {rPois Str-3 Int+4 SInv} (You found it on level 14 of the Dungeon)
 13896 | D:14     | Got a smoking trident
 13897 | D:14     | Identified the cursed +0 trident "Zegoeth" {venom, -Tele Str+4 Int+7} (You found it on level 14 of the Dungeon)
 14005 | D:15     | Entered Level 15 of the Dungeon
 14145 | D:15     | Found a staircase to the Depths.
 15045 | Elf:1    | Entered Level 1 of the Elven Halls
 15052 | Elf:1    | Noticed Azrael
 15062 | Elf:1    | Noticed a deep elf demonologist
 15069 | Orc:2    | HP: 5/110 [fire elemental[Azrael] (8)]
 15154 | Elf:1    | Noticed an Executioner
 15158 | Orc:2    | Reached skill level 25 in Polearms
 15171 | Orc:2    | Received a gift from Trog
 15245 | Elf:1    | Noticed a Brimstone Fiend
 15250 | Orc:2    | Killed Azrael
 15282 | Elf:1    | Killed a deep elf demonologist
 15286 | Elf:1    | Reached XP level 15. HP: 106/115 MP: 6/18
 15306 | Elf:1    | Identified the Guide on Creation
 15331 | Elf:1    | Found Wuocwyi's General Store.
 15333 | Elf:1    | Found a frozen archway.
 15492 | IceCv    | Entered an ice cave
 15576 | IceCv    | Got a pitted battleaxe
 15861 | IceCv    | Reached skill level 26 in Polearms
 15986 | Elf:1    | Noticed Asterion
 15989 | Elf:1    | Noticed a cacodemon
 15993 | Elf:1    | Killed Asterion
 16119 | Elf:1    | Found Kiloen's Gadget Emporium.
 16119 | Elf:1    | Found Gimpext's Gadget Shoppe.
 16120 | Elf:1    | Found Kionkoz's Antique Armour Emporium.
 16146 | Elf:1    | Found Meohetil's Armour Shoppe.
 16382 | Elf:1    | Received a gift from Trog
 16575 | Elf:1    | Got a crystal morningstar
 17065 | Elf:2    | Found a huge runed gate.
 17065 | Elf:2    | Found a huge runed gate.
 17065 | Elf:2    | Found a huge runed gate.
 17065 | Elf:2    | Found a huge runed gate.
 17066 | Elf:2    | Found a huge runed gate.
 17304 | Elf:2    | Noticed Thaneod's ghost (adept DsBe)
 17327 | Elf:2    | Killed Thaneod's ghost
 17388 | Elf:2    | Reached XP level 16. HP: 113/126 MP: 7/21
 17479 | Elf:2    | Received a gift from Trog
 17755 | Elf:3    | Identified a paperback manual
 17755 | Elf:3    | Entered Level 3 of the Elven Halls
 17917 | Elf:3    | HP: 7/190 [earth elemental[a deep elf elementalist] (19)]
 17917 | Elf:3    | HP: 2/190 [earth elemental[a deep elf elementalist] (5)]
 17923 | Elf:3    | Slain by an air elemental

Vault maps used:
D:1:      scummos_arrival_star, chequers_big_river
D:2:      uniq_crazy_yiuf_cottage
D:3:      nicolae_overflow_crystal_walls, overflow_temple_1_default
D:4:      ashenzari_altar_1, first_ration
D:5:      lemuel_doored_altar, uniq_sigmund
D:6:      kennysheep_mini_moat, minmay_temple_entry_overgrown
D:7:      uniq_pikel, uniq_prince_ribbit1
D:8:      nicolae_overflow_hidden_temple, overflow_temple_1_default,
          enter_ossuary_1
D:9:      good_gods_mini_temple, serial_glass, glass_columns_a, glass_columns_b,
          basic_altar, grunt_pizzeria
D:10:     minmay_shrinking_squares, minmay_lair_entry_grove, uniq_grum,
          uniq_snorg
D:11:     serial_glass, glass_columns_a, glass_columns_a, uniq_gastronok,
          uniq_maurice
D:12:     kennysheep_orc_monster_closet_entryway, serial_shops, kennysheep_mini,
          nicolae_shop_stone, uniq_urug
D:14:     grunt_vaults_entry_fortified, hex_medium, uniq_roxanne
D:15:     hangedman_depths_entry_civil_slaughter, corexii_hall_statues_t
Orc:2:    grunt_orc_cross, lab_entry_generic
Elf:1:    portal_ice_cave_entry_ice_statue_two, serial_shops,
          nicolae_shop_statue_plus, minmay_elf_demonology,
          fake_guardian_serpent_vault, minmay_shoptagon, uniq_asterion,
          uniq_azrael
Elf:3:    minmay_elf_hall_statues, st_stairs_2
Lab:      labyrinth_hidden_loot, nicolae_lab_flowing_pool
Ossuary:  ossuary_minmay_chase
IceCv:    ice_cave_statue_garden_chambered

Skill      XL: |  1  2  3  4  5  6  7  8  9 10 11 12 13 14 15 16 |
---------------+-------------------------------------------------+-----
Polearms       | 5 6 7 10 13 14 16 17 18 22 25 26 | 26.0
Dodging        | 4 5 8 10 11 13 14 | 14.1
Armour         | 2 3 4 6 7 8 |  8.8
Fighting       | 4 5 7 9 10 11 12 | 12.3
Evocations     | 2 4 5 7 8 |  8.4

Action                   |  1- 3 |  4- 6 |  7- 9 | 10-12 | 13-15 | 16-18 || total
-------------------------+-------+-------+-------+-------+-------+-------++-------
Melee: Spear             |    73 |   106 |   112 |       |       |       ||   291
       Trident           |       |       |    58 |       |       |       ||    58
       Halberd           |       |       |   135 |   751 |   519 |       ||  1405
       Unarmed           |       |       |       |     2 |       |       ||     2
       Glaive            |       |       |       |     9 |       |       ||     9
       Bardiche          |       |       |       |       |   454 |   177 ||   631
Invok: Berserk           |     1 |     1 |     7 |     8 |    11 |     1 ||    29
       Trog's Hand       |       |       |       |     2 |     6 |     1 ||     9
       Brothers in Arms  |       |       |       |       |     1 |     1 ||     2
  Use: Potion            |       |     2 |       |       |     1 |       ||     3
       Scroll            |       |     3 |    17 |     4 |    13 |       ||    37
 Stab: Distracted        |       |       |       |       |       |     1 ||     1
  Eat: Chunk             |       |     5 |    17 |    25 |    27 |     3 ||    77
       Ration            |       |       |       |     2 |     3 |       ||     5
Armor: Ring mail         |    16 |    10 |     1 |       |       |       ||    27
       Skin              |       |    13 |       |       |       |       ||    13
       Chain mail        |       |       |    63 |   180 |       |       ||   243
       Troll leather arm |       |       |       |     3 |       |       ||     3
       Plate armour      |       |       |       |    29 |   450 |    90 ||   569
Dodge: Dodged            |    11 |    13 |    60 |   302 |   399 |    87 ||   872
Block: Buckler           |     6 |    11 |     7 |       |       |       ||    24

Table legend:
 A = Spawn XP
 B = Non-spawn XP
 C = Spawn XP percentage of total XP
 D = Spawn monster count
 E = Non-spawn monster count
 F = Spawn count percentage of total count
 G = Total turns spent on level
                    A         B        C        D         E        F      G
               +---------+---------+-------+---------+---------+-------+---------
         Total |       0 |  161383 |   0.0 |       0 |     590 |   0.0 | 17923
               +---------+---------+-------+---------+---------+-------+---------
           D:1 |       0 |      12 |   0.0 |       0 |       8 |   0.0 |   463
           D:2 |       0 |      79 |   0.0 |       0 |      14 |   0.0 |   596
           D:3 |       0 |      21 |   0.0 |       0 |      11 |   0.0 |   632
           D:4 |       0 |     681 |   0.0 |       0 |      12 |   0.0 |   773
           D:5 |       0 |    1209 |   0.0 |       0 |      22 |   0.0 |   880
           D:6 |       0 |     961 |   0.0 |       0 |      21 |   0.0 |   608
           D:7 |       0 |    1181 |   0.0 |       0 |       7 |   0.0 |   680
           D:8 |       0 |     774 |   0.0 |       0 |      21 |   0.0 |   803
           D:9 |       0 |    1535 |   0.0 |       0 |      25 |   0.0 |   944
          D:10 |       0 |    8740 |   0.0 |       0 |      38 |   0.0 |  1285
          D:11 |       0 |    8490 |   0.0 |       0 |      41 |   0.0 |   887
          D:12 |       0 |    2834 |   0.0 |       0 |      30 |   0.0 |   868
          D:13 |       0 |    7739 |   0.0 |       0 |      30 |   0.0 |   823
          D:14 |       0 |   14056 |   0.0 |       0 |      36 |   0.0 |  1066
          D:15 |       0 |    7013 |   0.0 |       0 |      13 |   0.0 |   932
         Orc:1 |       0 |   10555 |   0.0 |       0 |      49 |   0.0 |   847
         Orc:2 |       0 |   13919 |   0.0 |       0 |      71 |   0.0 |  1469
         Elf:1 |       0 |   20052 |   0.0 |       0 |      30 |   0.0 |   893
         Elf:2 |       0 |   30472 |   0.0 |       0 |      39 |   0.0 |  1150
         Elf:3 |       0 |   20148 |   0.0 |       0 |      25 |   0.0 |   168
           Lab |       0 |    2810 |   0.0 |       0 |       4 |   0.0 |   553
       Ossuary |       0 |      76 |   0.0 |       0 |      21 |   0.0 |   137
         IceCv |       0 |    8026 |   0.0 |       0 |      22 |   0.0 |   466
               +---------+---------+-------+---------+---------+-------+---------
